 Dungeon Crawl Stone Soup version 0.22-a0-407-gb098539 (webtiles) character file.

4984 galech the Protected (level 10, 0/79 HPs)
             Began as a Gnoll Wanderer on May 9, 2018.
             Was a Priest of Okawaru.
             Slain by a killer bee (2 damage)
             ... on level 9 of the Dungeon.
             The game lasted 00:21:57 (11562 turns).

galech the Protected (Gnoll Wanderer)              Turns: 11562, Time: 00:21:58

Health: 0/79       AC: 15    Str: 14    XL:     10   Next: 54%
Magic:  17/17      EV:  7    Int: 17    God:    Okawaru [***...]
Gold:   418        SH:  0    Dex: 16    Spells: 19/19 levels left

rFire    + . .     SeeInvis .   Q - +5 spear
rCold    . . .     Gourm    .   (no shield)
rNeg     . . .     Faith    .   N - +0 plate armour
rPois    .         Spirit   .   (no helmet)
rElec    .         Reflect  .   y - +0 cloak
rCorr    .         Harm     .   (no gloves)
MR       .....                  (no boots)
Stlth    ..........             (no amulet)
HPRegen  0.23/turn              F - ring of protection from fire
MPRegen  0.15/turn              (no ring)

@: lethally poisoned (0 -> -6)
A: distributed training, fangs 1, strong nose
a: Heroism, Renounce Religion


You were on level 9 of the Dungeon.
You worshipped Okawaru.
Okawaru was most pleased with you.
You were very hungry.

You visited 2 branches of the dungeon, and saw 10 of its levels.
You also visited: Sewer.

You collected 418 gold pieces.

Inventory:

Hand Weapons
 j - a +1 hunting sling of freezing
 p - a +2 hand axe of chopping
 H - the +11 quarterstaff of Peril {vamp, *Rage +Inv rN+++ Dex+4, unknown}
   (You found it on level 7 of the Dungeon)

   It inflicts no extra harm, but heals its wielder when it wounds a living foe.
   It affects your dexterity (+4).
   It renders you almost immune to negative energy.
   It lets you turn invisible.
   It may make you go berserk in combat.
 Q - a +5 spear (weapon)
 R - a +4 scimitar
Missiles
 g - 153 arrows
 m - 197 stones (quivered)
 T - 4 poisoned tomahawks
Armour
 b - a +0 ring mail
 q - a +3 leather armour
 u - a +0 scale mail
 v - a +1 ring mail of poison resistance
 y - a +0 cloak (worn)
 N - a +0 plate armour (worn)
Jewellery
 F - a ring of protection from fire (left hand)
Wands
 t - a wand of digging (16)
 C - a wand of random effects (17)
 J - a wand of clouds (5)
 L - a wand of disintegration (10)
 O - a wand of polymorph (24)
 P - a wand of acid (9)
Scrolls
 e - 6 scrolls of magic mapping
 l - 2 scrolls of blinking
 n - 2 scrolls of noise
 w - a scroll of enchant armour {unknown}
 x - 3 scrolls of remove curse
 B - 4 scrolls of identify
 D - 4 scrolls of amnesia
 E - a scroll of fog
 G - a scroll of immolation {unknown}
 I - a scroll of fear
 K - a scroll of silence {unknown}
 M - a scroll of teleportation {unknown}
 S - a scroll of enchant weapon {unknown}
Potions
 a - 3 potions of flight
 c - 3 potions of curing
 f - 2 potions of haste {unknown}
 h - a potion of ambrosia {unknown}
 i - 4 potions of lignification {unknown}
 k - 3 potions of heal wounds {unknown}
 o - 2 potions of brilliance {unknown}
 r - 2 potions of mutation {unknown}
 s - a potion of invisibility {unknown}
 z - a potion of might {unknown}
 A - a potion of cancellation {unknown}
Comestibles
 d - 11 rations


   Skills:
 + Level 7.1 Fighting
 + Level 5.2 Short Blades
 + Level 5.2 Long Blades
 + Level 8.5 Axes
 + Level 5.2 Maces & Flails
 + Level 5.2 Polearms
 + Level 5.2 Staves
 + Level 5.2 Slings
 + Level 5.2 Bows
 + Level 5.2 Crossbows
 + Level 5.2 Throwing
 + Level 8.5 Armour
 + Level 5.2 Dodging
 + Level 5.2 Stealth
 + Level 5.9 Shields
 + Level 5.2 Unarmed Combat
 + Level 5.2 Spellcasting
 + Level 4.3 Conjurations
 + Level 4.3 Hexes
 + Level 4.3 Charms
 + Level 4.3 Summonings
 + Level 4.3 Necromancy
 + Level 4.3 Translocations
 + Level 4.3 Transmutations
 + Level 4.3 Fire Magic
 + Level 4.3 Ice Magic
 + Level 4.3 Air Magic
 + Level 4.3 Earth Magic
 + Level 4.3 Poison Magic
 + Level 5.8 Invocations
 + Level 5.9 Evocations


You had 19 spell levels left.
You didn't know any spells.

Dungeon Overview and Level Annotations

Branches:
Dungeon (9/15)             Temple (1/1) D:4
   Lair: D:8-11         Orc: D:9-12

Altars:
Ashenzari
Elyvilon
Fedhas
Gozag
Hepliaklqana
Kikubaaqudgha
Makhleb
Nemelex Xobeh
Okawaru
Qazlal
Ru
Sif Muna
Trog
Uskayaw
Wu Jian
Yredelemnul
Zin

Shops:
D:5 (   D:7 %

Annotations:
D:8 dstrtnsr's ghost, novice HOBe


Innate Abilities, Weirdness & Mutations

Your experience applies equally to all skills.
You have very sharp teeth.
Your uncanny sense of smell can sniff out nearby items.


Message History

You feel sick.
You feel sick.
A killer bee comes into view.
Found a hazy altar of Hepliaklqana.
You feel sick. The killer bee stings you.
* * * LOW HITPOINT WARNING * * *
The killer bee stings you.
* * * LOW HITPOINT WARNING * * *
You are lethally poisoned!
The killer bee poisons you! The killer bee closely misses you.
A howler monkey comes into view.
* * * LOW HITPOINT WARNING * * *
You feel sick.
The howler monkey howls!
You hear a howl!
You hear a shout!
The killer bee stings you but does no damage.
The killer bee closely misses you.
An adder zombie comes into view.
* * * LOW HITPOINT WARNING * * *
You feel sick. The killer bee stings you.
You die...

#..#########..# #...............
#..# #..# #............... #..#
#..# #...............
#..#########..####...............
.................................
...............................y†
....#######..#####..###.†########
⌠............#####..####.##
...#.###.###....@yy.......#
...#.#.. #.#..####.####.# ###..#.
#..#.# ..... .# ..
.Zh....#.......#.# .
h.#....#.......#.. .
#........_......
#.##.#.......#.## ..
#.#.......#.#


You could see 2 howler monkeys, 2 killer bees and an adder zombie.

Vanquished Creatures
  Pikel (D:8)
  A troll (D:9)
  Prince Ribbit (D:6)
  3 hippogriffs
  A wyvern (D:8)
  A hungry ghost (D:9)
  A water moccasin (D:6)
  An orc warrior (D:7)
  2 sky beasts
  A slave (D:8)
  An ice beast (D:5)
  A phantom (D:4)
  2 eyes of draining (D:5)
  2 ogres (D:4)
  2 centaurs
  2 big kobolds
  5 bullfrogs
  3 killer bees (D:9)
  2 howler monkeys (D:5)
  6 wights
  2 centaur zombies
  2 hounds
  12 orc wizards
  Crazy Yiuf (D:4)
  5 orc priests
  A centaur skeleton (D:9)
  3 iguanas
  A bullfrog skeleton (D:5)
  Terence (D:3)
  4 worker ants
  Ijyb (D:4)
  A killer bee zombie (D:7)
  A hound zombie (D:7)
  A hound skeleton (D:4)
  2 gnolls
  10 adders
  2 river rats (Sewer)
  A shadow imp (D:8)
  2 oozes
  An adder zombie (D:5)
  An adder skeleton (D:6)
  6 worms
  4 dart slugs
  11 leopard geckos
  45 orcs
  8 giant cockroaches
  10 goblins
  8 hobgoblins
  18 jackals
  3 quokkas
  5 ball pythons
  7 bats
  9 frilled lizards
  A jackal zombie (D:8)
  14 kobolds
  A leopard gecko skeleton (D:7)
  A quokka zombie (D:6)
  13 rats
258 creatures vanquished.

Vanquished Creatures (others)
  A slave (D:8)
1 creature vanquished.

Grand Total: 259 creatures vanquished

Notes
Turn   | Place    | Note
-------+----------+-------------------------------------------
     0 | D:1      | galech the Gnoll Wanderer began the quest for the Orb.
     0 | D:1      | galech set off with: a +2 hand axe, a +0 ring mail, a potion of curing, a ration
     0 | D:1      | Reached XP level 1. HP: 20/20 MP: 2/2
   192 | D:1      | Reached XP level 2. HP: 24/26 MP: 3/3
   434 | D:1      | Reached XP level 3. HP: 26/31 MP: 4/4
   810 | D:2      | Reached skill level 1 in Invocations
   851 | D:2      | Reached skill level 1 in Short Blades
   851 | D:2      | Reached skill level 1 in Long Blades
   851 | D:2      | Reached skill level 1 in Maces & Flails
   851 | D:2      | Reached skill level 1 in Polearms
   851 | D:2      | Reached skill level 1 in Staves
   851 | D:2      | Reached skill level 1 in Slings
   851 | D:2      | Reached skill level 1 in Bows
   851 | D:2      | Reached skill level 1 in Crossbows
   851 | D:2      | Reached skill level 1 in Throwing
   851 | D:2      | Reached skill level 1 in Dodging
   851 | D:2      | Reached skill level 1 in Stealth
   851 | D:2      | Reached skill level 1 in Unarmed Combat
   851 | D:2      | Reached skill level 1 in Spellcasting
   881 | D:2      | Reached XP level 4. HP: 32/38 MP: 6/6
   888 | D:2      | Found a blossoming altar of Fedhas.
  1166 | D:3      | Found a deep blue altar of Sif Muna.
  1166 | D:3      | Found a sacrificial altar of Ru.
  1167 | D:3      | Found a glowing silver altar of Zin.
  1195 | D:2      | Reached skill level 1 in Conjurations
  1195 | D:2      | Reached skill level 1 in Hexes
  1195 | D:2      | Reached skill level 1 in Charms
  1195 | D:2      | Reached skill level 1 in Summonings
  1195 | D:2      | Reached skill level 1 in Necromancy
  1195 | D:2      | Reached skill level 1 in Translocations
  1195 | D:2      | Reached skill level 1 in Transmutations
  1195 | D:2      | Reached skill level 1 in Fire Magic
  1195 | D:2      | Reached skill level 1 in Ice Magic
  1195 | D:2      | Reached skill level 1 in Air Magic
  1195 | D:2      | Reached skill level 1 in Earth Magic
  1195 | D:2      | Reached skill level 1 in Poison Magic
  1195 | D:2      | Reached XP level 5. HP: 11/43 MP: 7/7
  1789 | D:3      | Noticed Terence
  1805 | D:3      | Killed Terence
  2068 | D:3      | Reached XP level 6. HP: 29/50 MP: 8/8
  2703 | D:4      | Found a burning altar of Makhleb.
  2705 | D:4      | Noticed Ijyb
  2720 | D:4      | Reached skill level 5 in Fighting
  2730 | D:4      | Killed Ijyb
  3146 | D:4      | Reached XP level 7. HP: 48/56 MP: 10/10
  3398 | D:4      | Found a runed door.
  3488 | D:4      | Found a staircase to the Ecumenical Temple.
  3531 | Temple   | Entered the Ecumenical Temple
  3541 | Temple   | Became a worshipper of Warmaster Okawaru
  3764 | D:5      | Entered Level 5 of the Dungeon
  3952 | D:5      | Found a bloodstained altar of Trog.
  4227 | D:4      | Noticed Crazy Yiuf
  4236 | D:4      | Killed Crazy Yiuf
  4484 | D:4      | Reached * piety under Okawaru
  4484 | D:4      | Reached XP level 8. HP: 32/63 MP: 12/12
  4949 | D:5      | Got an ichor-stained buckler
  4955 | D:5      | Identified the -7 buckler of the Commoners {rElec rPois Int-5 SInv} (You found it on level 5 of the Dungeon)
  5512 | D:5      | Found a shattered altar of Ashenzari.
  5569 | D:5      | Found Amock's Antique Weapon Shop.
  5652 | D:5      | Found an opulent altar of Gozag.
  5659 | D:5      | Found an ornate altar of the Wu Jian Council.
  5667 | D:5      | Found a hide-covered altar of Uskayaw.
  5944 | D:6      | Found a glowing drain.
  5986 | Sewer    | Entered a sewer
  6217 | Sewer    | Found a white marble altar of Elyvilon.
  6441 | D:6      | Reached XP level 9. HP: 58/69 MP: 14/14
  6446 | D:6      | Reached ** piety under Okawaru
  6508 | D:6      | Found an ancient bone altar of Kikubaaqudgha.
  6860 | D:7      | Noticed Prince Ribbit
  7252 | D:6      | Killed Prince Ribbit
  7580 | D:7      | Reached skill level 5 in Shields
  7580 | D:7      | Reached skill level 5 in Evocations
  7637 | D:7      | Got a steaming quarterstaff
  7858 | D:7      | Found a stormy altar of Qazlal.
  8158 | D:7      | Found Teklug's Food Shoppe.
  8267 | D:7      | Reached skill level 5 in Invocations
  8895 | D:8      | Reached *** piety under Okawaru
  8895 | D:8      | Reached XP level 10. HP: 60/77 MP: 15/17
  8985 | D:8      | HP: 1/77 [orc warrior/war axe (12)]
  9890 | D:8      | Noticed Pikel
  9903 | D:8      | Killed Pikel
  9903 | D:8      | Reached skill level 5 in Short Blades
  9903 | D:8      | Reached skill level 5 in Long Blades
  9903 | D:8      | Reached skill level 5 in Maces & Flails
  9903 | D:8      | Reached skill level 5 in Polearms
  9903 | D:8      | Reached skill level 5 in Staves
  9903 | D:8      | Reached skill level 5 in Slings
  9903 | D:8      | Reached skill level 5 in Bows
  9903 | D:8      | Reached skill level 5 in Crossbows
  9903 | D:8      | Reached skill level 5 in Throwing
  9903 | D:8      | Reached skill level 5 in Dodging
  9903 | D:8      | Reached skill level 5 in Stealth
  9903 | D:8      | Reached skill level 5 in Unarmed Combat
  9903 | D:8      | Reached skill level 5 in Spellcasting
 10029 | D:8      | Found a shattered altar of Ashenzari.
 10694 | D:8      | Found a white marble altar of Elyvilon.
 10702 | D:8      | Noticed dstrtnsr's ghost (novice HOBe)
 11036 | D:9      | Received a gift from Okawaru
 11508 | D:9      | Paralysed by a hornet for 1 turns
 11557 | D:9      | Found a hazy altar of Hepliaklqana.
 11561 | D:9      | HP: 3/79 [poisoned by a killer bee]
 11562 | D:9      | Slain by a killer bee

Vault maps used:
D:1:      eino_arrival_water_star, hex_large
D:2:      fedhas_altar_2
D:3:      grunt_temple_overflow_open, first_ration, uniq_terence
D:4:      overflow_temple_1_default, temple_pool_b, kennysheep_generic_room_2,
          uniq_ijyb, uniq_crazy_yiuf_cottage
D:5:      ashenzari_altar_1, minmay_overflow_temple_star_quad,
          trog_eyes_of_draining, serial_shops, shop_statue
D:6:      kiku_gazebo_pond_becter, gup_sewer_entry_pipe, serial_bayou_pond_c
D:7:      nicolae_qazlal_eye_of_the_storm, serial_shops, nicolae_shop_stone,
          uniq_prince_ribbit1
D:8:      kennysheep_mini_moat, basic_altar, uniq_pikel
D:9:      old_standard_altar, david_nohive_1, st_stairs_3,
          serial_bayou_lagoon_a, solitary_fountain, hangedman_decor_riveting,
          uniq_maurice
Temple:   dpeg_three_leaves_temple
Sewer:    sewer_kobolds

Skill      XL: |  1  2  3  4  5  6  7  8  9 10 |
---------------+-------------------------------+-----
Invocations    | 1 2 3 4 5 |  5.8
Short Blades   | 1 2 3 4 5 |  5.2
Long Blades    | 1 2 3 4 5 |  5.2
Maces & Flails | 1 2 3 4 5 |  5.2
Polearms       | 1 2 3 4 5 |  5.2
Staves         | 1 2 3 4 5 |  5.2
Slings         | 1 2 3 4 5 |  5.2
Bows           | 1 2 3 4 5 |  5.2
Crossbows      | 1 2 3 4 5 |  5.2
Throwing       | 1 2 3 4 5 |  5.2
Dodging        | 1 2 3 4 5 |  5.2
Stealth        | 1 2 3 4 5 |  5.2
Unarmed Combat | 1 2 3 4 5 |  5.2
Spellcasting   | 1 2 3 4 5 |  5.2
Conjurations   | 1 2 3 4 |  4.3
Hexes          | 1 2 3 4 |  4.3
Charms         | 1 2 3 4 |  4.3
Summonings     | 1 2 3 4 |  4.3
Necromancy     | 1 2 3 4 |  4.3
Translocations | 1 2 3 4 |  4.3
Transmutations | 1 2 3 4 |  4.3
Fire Magic     | 1 2 3 4 |  4.3
Ice Magic      | 1 2 3 4 |  4.3
Air Magic      | 1 2 3 4 |  4.3
Earth Magic    | 1 2 3 4 |  4.3
Poison Magic   | 1 2 3 4 |  4.3
Shields        | 3 4 5 |  5.9
Evocations     | 3 4 5 |  5.9
Fighting       | 5 6 7 |  7.1
Axes           | 7 8 |  8.5
Armour         | 7 8 |  8.5

Action                   |  1- 3 |  4- 6 |  7- 9 | 10-12 || total
-------------------------+-------+-------+-------+-------++-------
Melee: Hand axe          |   126 |   216 |   132 |    96 ||   570
       Bite              |    11 |    21 |    19 |    19 ||    70
       Punch             |       |       |     1 |     3 ||     4
       Spear             |       |       |       |   104 ||   104
       Unarmed           |       |       |       |     3 ||     3
 Fire: Hunting sling     |       |    25 |   448 |    42 ||   515
Invok: Heroism           |       |       |       |     2 ||     2
  Use: Scroll            |       |       |     6 |     3 ||     9
       Potion            |       |       |     1 |     3 ||     4
 Stab: Sleeping          |       |       |     1 |       ||     1
  Eat: Chunk             |       |     7 |    18 |     5 ||    30
       Ration            |       |       |       |     2 ||     2
Armor: Ring mail         |    74 |    42 |   143 |    15 ||   274
       Leather armour    |       |    28 |     4 |       ||    32
       Scale mail        |       |       |    17 |       ||    17
       Plate armour      |       |       |       |   191 ||   191
Dodge: Dodged            |    83 |   138 |   304 |   112 ||   637

Table legend:
 A = Spawn XP
 B = Non-spawn XP
 C = Spawn XP percentage of total XP
 D = Spawn monster count
 E = Non-spawn monster count
 F = Spawn count percentage of total count
 G = Total turns spent on level
                    A         B        C        D         E        F      G
               +---------+---------+-------+---------+---------+-------+---------
         Total |       0 |    7121 |   0.0 |       0 |     257 |   0.0 | 11562
               +---------+---------+-------+---------+---------+-------+---------
           D:1 |       0 |      36 |   0.0 |       0 |      23 |   0.0 |   797
           D:2 |       0 |     131 |   0.0 |       0 |      33 |   0.0 |   676
           D:3 |       0 |     255 |   0.0 |       0 |      51 |   0.0 |  1223
           D:4 |       0 |     809 |   0.0 |       0 |      27 |   0.0 |  1702
           D:5 |       0 |     774 |   0.0 |       0 |      23 |   0.0 |  1370
           D:6 |       0 |     913 |   0.0 |       0 |      35 |   0.0 |  1423
           D:7 |       0 |    1347 |   0.0 |       0 |      25 |   0.0 |  1923
           D:8 |       0 |    1983 |   0.0 |       0 |      25 |   0.0 |  1274
           D:9 |       0 |     734 |   0.0 |       0 |       6 |   0.0 |   831
         Sewer |       0 |     139 |   0.0 |       0 |       9 |   0.0 |   324
               +---------+---------+-------+---------+---------+-------+---------
